 Dungeon Crawl Stone Soup version 0.29-a0-234-g0dae59b3db (webtiles) character file.

Game seed: 1275390021235764078

67 bande the Covered (level 4, -1/29 HPs)
             Began as a Gargoyle Fighter on Mar 2, 2022.
             Slain by a gnoll
             ... wielding a +0 halberd
              (4 damage)
             ... on level 2 of the Dungeon.
             The game lasted 00:02:20 (814 turns).

bande the Covered (Gargoyle Fighter)                 Turns: 814, Time: 00:02:21

Health: -1/29      AC: 13    Str: 20      XL:     4   Next: 16%
Magic:  4/4        EV:  9    Int:  6 (8)  God:
Gold:   33         SH:  4    Dex: 11      Spells: 3/3 levels left

rFire   . . .      SeeInvis +   h - +2 hand axe (flame)
rCold   . . .      Faith    .   c - +0 buckler
rNeg    + . .      Spirit   .   b - +0 scale mail
rPois   ∞          Reflect  .   (no helmet)
rElec   +          Harm     .   (no cloak)
rCorr   .          Rampage  .   g - +2 pair of gloves
Will    +....                   (no boots)
Stlth   ..........              (no amulet)
HPRegen 0.09/turn               e - ring of see invisible
MPRegen 0.09/turn               j - ring of willpower

@: no status effects
A: sickness immunity, AC +3, negative energy resistance 1, electricity
resistance, torment resistance 1, petrification resistance, deterioration 1
a: no special abilities


You were on level 2 of the Dungeon.
You visited 1 branch of the dungeon, and saw 2 of its levels.

You collected 33 gold pieces.

Inventory:

Hand Weapons
 a - a +0 war axe
 h - a +2 hand axe of flaming (weapon)
Armour
 b - a +0 scale mail (worn)
 c - a +0 buckler (worn)
 g - a +2 pair of gloves (worn)
Jewellery
 e - a ring of see invisible (left hand)
 j - a ring of willpower (right hand)
Scrolls
 f - 2 scrolls of identify
Potions
 d - a potion of might
 i - a potion of curing {unknown}
 l - 2 potions of flight


   Skills:
 + Level 3.9 Fighting
 + Level 2.6 Axes
 + Level 4.0 Armour
 + Level 3.6 Shields


You had 3 spell levels left.
You didn't know any spells.
Your spell library was empty.

Dungeon Overview and Level Annotations

Branches:
Dungeon (2/15)

Altars:


Innate Abilities, Weirdness & Mutations

You are immune to sickness and miasma.
Your stone body is resilient. (AC +3)
You are immune to poison.
You resist negative energy. (rN+)
You are resistant to electric shocks. (rElec)
You are resistant to unholy torment.
You are immune to petrification.
Your body sometimes deteriorates upon taking damage.


Message History

You closely miss the adder. The adder bites you but does no damage.
You hit the adder. You burn the adder.
The adder is lightly wounded.
The adder closely misses you. You block the adder's attack.
You hit the adder. You burn the adder.
The adder is heavily wounded.
You block the adder's attack. The gnoll hits you but does no damage.
The adder barely misses you.
You hit the adder. You burn the adder.
You kill the adder!
You block the gnoll's attack.
You hit the gnoll. You burn the gnoll.
The gnoll is moderately wounded.
The gnoll barely misses you. The gnoll hits you but does no damage.
You barely miss the gnoll.
The gnoll is moderately wounded.
The gnoll closely misses you. The gnoll hits you but does no damage.
You block the gnoll's attack.
You barely miss the gnoll.
The gnoll is moderately wounded.
The gnoll closely misses you. The gnoll hits you with a +0 flail.
Your body deteriorates!
You feel dopey. The gnoll barely misses you.
You slash the gnoll! You burn the gnoll.
You kill the gnoll!
The gnoll barely misses you.
Your Armour skill increases to level 4!
You have reached level 4!
You feel stronger.
You closely miss the rat. The rat closely misses you.
The gnoll hits you from afar with a +0 halberd!
You block the gnoll's attack. The rat bites you but does no damage.
You slash the rat! You burn the rat.
You kill the rat!
The gnoll hits you from afar with a +0 halberd.
Your body deteriorates!
You feel dopey.
The gnoll hits you from afar with a +0 spear.
* * * LOW HITPOINT WARNING * * *
The gnoll hits you from afar with a +0 halberd.
You die...

...###+#.... ...
#.#.... #...... ##.....
#...### #...# ########
#..†#
#.....g############...#
+....ggw@.....(......>#
#.....g################
#.....)# #.......
.......... ...........
............
.............
...###########


You could see a worm, 3 gnolls and a goblin.

Vanquished Creatures
  2 gnolls
  An adder (D:2)
  2 dart slugs
  2 bats
  2 giant cockroaches
  9 goblins
  3 kobolds (D:1)
  3 quokkas
  3 ball pythons
  2 frilled lizards (D:1)
  4 rats
33 creatures vanquished.

Notes
Turn   | Place    | Note
-------+----------+-------------------------------------------
     0 | D:1      | bande the Gargoyle Fighter began the quest for the Orb.
     0 | D:1      | Reached XP level 1. HP: 14/14 MP: 1/1
    95 | D:1      | Reached XP level 2. HP: 19/19 MP: 2/2
   178 | D:1      | Reached XP level 3. HP: 19/24 MP: 3/3
   536 | D:1      | Gained mutation: Your body sometimes deteriorates upon
                  | taking damage. [potion of mutation]
   813 | D:2      | Reached skill level 4 in Armour
   813 | D:2      | Reached XP level 4. HP: 20/29 MP: 4/4
   814 | D:2      | Slain by a gnoll

Illustrated notes

Levels and vault maps discovered:
D:1:      minmay_arrival_arboretum_small, layout_rooms
D:2:      layout_basic, kennysheep_generic_room_5

Skill      XL: |  1  2  3 |
---------------+----------+-----
Axes           | 2 |  2.6
Armour         | 4 |  4.0
Fighting       | |  3.9
Shields        | |  3.6

Action                   |  1- 3 |  4- 6 || total
-------------------------+-------+-------++-------
Melee: War axe           |    65 |       ||    65
       Hand axe          |    20 |     2 ||    22
  Use: Scroll            |     5 |       ||     5
       Potion            |     1 |       ||     1
Armor: Scale mail        |    68 |     1 ||    69
Dodge: Dodged            |    57 |     1 ||    58
Block: Buckler           |    21 |     1 ||    22

Table legend: (Time is in decaauts)
 A = Elapsed time spent in this place.
 B = Non-inter-level travel time spent in this place.
 C = Inter-level travel time spent in this place.
 D = Time resting spent in this place.
 E = Time spent auto-exploring this place.
 F = Levels seen in this place.
 G = Mean time per level.
                   A        B        C        D        E       F      G
               +--------+--------+--------+--------+--------+-----+--------+
         Total |    845 |    845 |      0 |    167 |    352 |   2 |  422.5 |
       Dungeon |    845 |    845 |      0 |    167 |    352 |   2 |  422.5 |
               +--------+--------+--------+--------+--------+-----+--------+

Top non-repeatable levels by time:
     D:1: 650 daAuts
     D:2: 194 daAuts
